 Dungeon Crawl Stone Soup version 0.28.0-43-g3370ac3207 (console) character file.

Game seed: 16833187960824593939

30 Zeor the Cudgeller (level 3, -2/24 HPs)
             Began as a Gargoyle Monk on Mar 26, 2022.
             Slain by Sigmund
             ... wielding a +0 scythe
              (3 damage)
             ... on level 2 of the Dungeon.
             The game lasted 00:03:02 (1053 turns).

Zeor the Cudgeller (Gargoyle Monk)                  Turns: 1053, Time: 00:03:03

Health: -2/24      AC:  5    Str: 16    XL:     3   Next: 20%
Magic:  3/3        EV: 12    Int: 10    God:
Gold:   29         SH:  0    Dex: 12    Spells: 2/2 levels left

rFire   . . .      SeeInvis .   a - +0 mace
rCold   . . .      Faith    .   (no shield)
rNeg    + . .      Spirit   .   b - +0 robe
rPois   ∞          Reflect  .   (no helmet)
rElec   +          Harm     .   (no cloak)
rCorr   .          Rampage  .   (no gloves)
Will    .....                   (no boots)
Stlth   ++........              (no amulet)
HPRegen 0.08/turn               (no ring)
MPRegen 0.08/turn               (no ring)

@: hasted, very quick
A: sickness immunity, AC +3, negative energy resistance 1, electricity
resistance, torment resistance 1, petrification resistance
a: no special abilities


You were on level 2 of the Dungeon.
You visited 1 branch of the dungeon, and saw 2 of its levels.

You collected 29 gold pieces.

Inventory:

Hand Weapons
 a - a +0 mace (weapon)
Missiles
 d - 2 javelins (quivered)
Armour
 b - a +0 robe (worn)
Scrolls
 c - 2 scrolls of identify {unknown}


   Skills:
 + Level 3.7 Fighting
 * Level 3.9 Maces & Flails
 - Level 2.4 Dodging
 - Level 2.1 Stealth


You had 2 spell levels left.
You didn't know any spells.
Your spell library was empty.

Dungeon Overview and Level Annotations

Branches:
Dungeon (2/15)

Altars:

Annotations:
D:2 Sigmund


Innate Abilities, Weirdness & Mutations

You are immune to sickness and miasma.
Your stone body is resilient. (AC +3)
You are immune to poison.
You resist negative energy. (rN+)
You are resistant to electric shocks. (rElec)
You are resistant to unholy torment.
You are immune to petrification.


Message History

The kobold is severely wounded.
The adder hisses angrily.
A hobgoblin comes into view.
The kobold hits you but does no damage.
You closely miss the kobold.
The kobold is severely wounded.
The kobold misses you.
You closely miss the kobold.
The kobold is severely wounded.
The kobold barely misses you.
The hobgoblin shouts!
You hit the kobold but do no damage.
The kobold is severely wounded.
The kobold hits you with a +1 short sword of draining. x2
You thump the kobold!
You kill the kobold!
The adder bites you but does no damage.
You closely miss the adder. The adder bites you.
You are too injured to fight recklessly!
You are too injured to fight recklessly!
You closely miss the adder. The adder misses you. The adder barely misses you.
You miss the adder.
Sigmund the Dreaded comes into view.
He is wielding a +0 scythe.
The adder barely misses you.
You barely miss the adder. The adder bites you but does no damage.
The adder bites you.
* * * LOW HITPOINT WARNING * * *
You hit the adder but do no damage. The adder misses you.
It was a potion of haste.
You feel yourself speed up. The adder bites you but does no damage.
Sigmund hits you from afar with a +0 scythe.
* * * LOW HITPOINT WARNING * * *
The adder misses you.
You hit the adder.
The adder is moderately wounded.
The adder barely misses you.
You closely miss the adder.
The adder is moderately wounded.
Sigmund hits you from afar with a +0 scythe.
You die...

▒∙▒ ▒∙▒ ▒∙▒
▒∙▒ ▒∙▒ ▒[▒
▒∙▒ ∙▒ ▒▒∙▒
▒∙∙▒ ▒∙∙▒
▒▒▒▒■▒▒▒∙▒▒
▒∙∙†9Sg∙∙∙▒
▒∙▒▒▒▒@∙∙∙∙▒
▒∙∙∙∙∙∙∙∙∙
▒∙∙∙∙∙▒∙▒▒
▒∙∙∙∙▒▒∙▒
▒K∙∙▒▒ ▒
▒∙∙∙▒


∙∙∙∙∙ You could see Sigmund, an adder and a hobgoblin.

Vanquished Creatures
  A dart slug (D:1)
  5 ball pythons (D:1)
  An endoplasm (D:1)
  4 giant cockroaches (D:1)
  2 goblins (D:1)
  2 hobgoblins (D:1)
  3 kobolds
  4 bats
  2 frilled lizards (D:1)
  2 rats
26 creatures vanquished.

Notes
Turn   | Place    | Note
-------+----------+-------------------------------------------
     0 | D:1      | Zeor the Gargoyle Monk began the quest for the Orb.
     0 | D:1      | Reached XP level 1. HP: 14/14 MP: 1/1
   255 | D:1      | Reached XP level 2. HP: 14/19 MP: 2/2
   651 | D:1      | Reached XP level 3. HP: 24/24 MP: 3/3
  1048 | D:2      | Noticed Sigmund
  1051 | D:2      | HP: 1/24 [Sigmund/+0 scythe (6)]
  1053 | D:2      | Slain by Sigmund

Illustrated notes

Levels and vault maps discovered:
D:1:      nicolae_arrival_washed_ashore, layout_rooms, minmay_tromino_v2
D:2:      layout_loops_ring, shapermc_ecumenical_altar_flowoftime, uniq_natasha,
          uniq_sigmund

Action                   || total
-------------------------++-------
Melee: Mace              ||    84
  Use: Potion            ||     1
 Stab: Sleeping          ||     1
Armor: Robe              ||    24
Dodge: Dodged            ||    50
